 Dungeon Crawl Stone Soup version 0.21-a0-584-g185da8e (webtiles) character file.

9978 sithsevirus the Basher (level 11, 0/71 HPs)
             Began as a Gargoyle Fighter on Dec 21, 2017.
             Was a High Priest of Okawaru.
             Impaled on a porcupine's spines (12 damage)
             ... on level 11 of the Dungeon.
             The game lasted 00:46:04 (11078 turns).

sithsevirus the Basher (Gargoyle Fighter)          Turns: 11078, Time: 00:46:04

Health: 0/71       AC: 20    Str: 22    XL:     11   Next: 54%
Magic:  11/11      EV: 13    Int: 10    God:    Okawaru [*****.]
Gold:   477        SH: 11    Dex: 11    Spells: 10/10 levels left

rFire    . . .     SeeInvis .   h - +4 flail
rCold    . . .     Gourm    .   c - +0 shield
rNeg     + . .     Faith    .   Q - +1 troll leather armour
rPois    ∞         Spirit   .   (no helmet)
rElec    +         Reflect  .   N - +0 cloak
rCorr    .         Harm     +   d - +0 pair of gloves
MR       .....                  (no boots)
Stlth    +.........             P - amulet of harm
HPRegen  0.61/turn              C - +3 ring of evasion (curse)
MPRegen  0.12/turn              S - +3 ring of protection

@: barbed spikes
A: big wings, negative energy resistance 1, screaming 1, electricity resistance,
strong 1, unbreathing, petrification resistance, rot immunity, AC +8
a: Fly, Heroism, Finesse, Renounce Religion


You were on level 11 of the Dungeon.
You worshipped Okawaru.
Okawaru was extremely pleased with you.
You were not hungry.

You visited 2 branches of the dungeon, and saw 12 of its levels.

You collected 477 gold pieces.

Inventory:

Hand Weapons
 h - a +4 flail (weapon)
 u - a +0 falchion of flaming
Missiles
 w - a throwing net
 x - 9 tomahawks (quivered)
 y - 222 stones
Armour
 c - a +0 shield (worn)
 d - a +0 pair of gloves (worn)
 N - a +0 cloak (worn)
 Q - a +1 troll leather armour (worn)
Magical Staves
 s - an uncursed staff of power
Jewellery
 C - a cursed +3 ring of evasion (left hand)
 P - an amulet of harm (around neck)
 S - a +3 ring of protection (right hand)
Wands
 v - a wand of digging (11)
Scrolls
 k - 7 scrolls of teleportation
 l - a scroll of fog
 m - 12 scrolls of identify
 n - a scroll of immolation
 o - 5 scrolls of remove curse
 q - 2 scrolls of enchant armour
 D - a scroll of noise
 L - a scroll of fear {unknown}
 M - a scroll of blinking {unknown}
Potions
 b - 9 potions of degeneration
 e - 2 potions of agility
 g - 2 potions of ambrosia {unknown}
 i - a potion of heal wounds {unknown}
 j - 4 potions of lignification
 p - a potion of curing
 r - 2 potions of mutation
 t - a potion of resistance
 E - a potion of flight {unknown}
 F - a potion of brilliance {unknown}
 G - a potion of berserk rage {unknown}
 I - a potion of magic {unknown}
Books
 R - a book of Power

   Spells                             Type                      Level
   a - Iskenderun's Battlesphere      Conjuration/Charms           5
   b - Venom Bolt                     Conjuration/Poison           5
   c - Bolt of Magma                  Conjuration/Fire/Earth       5
   d - Iron Shot                      Conjuration/Earth            6
   e - Orb of Destruction             Conjuration                  7
   f - Spellforged Servitor           Conjuration/Summoning        7
Comestibles
 a - 15 chunks of flesh
 f - 18 rations


   Skills:
 + Level 9.4 Fighting
 * Level 11.4 Maces & Flails
 + Level 9.4 Armour
 + Level 9.4 Shields


You had 10 spell levels left.
You didn't know any spells.

Dungeon Overview and Level Annotations

Branches:
Dungeon (11/15)            Temple (1/1) D:7            Lair (0/6) D:11
    Orc (0/2) D:10

Altars:
Ashenzari
Cheibriados
Dithmenos
Elyvilon
Fedhas
Gozag
Hepliaklqana
Kikubaaqudgha
Makhleb
Nemelex Xobeh
Okawaru
Qazlal
Ru
Sif Muna
Trog
Uskayaw
Vehumet
Wu Jian
Xom
Yredelemnul
Zin
The Shining One

Shops:
D:4 :   D:9 }


Innate Abilities, Weirdness & Mutations

You are resistant to torment.
Your stone body is resilient. (AC +8)
You are immune to poison.
You resist negative energy. (rN+)
You are resistant to electric shocks. (rElec)
You can survive without breathing.
You are immune to petrification.
You are immune to rotting.
Your large and strong wings let you fly indefinitely.
You occasionally shout uncontrollably at your foes.
Your muscles are strong. (Str +2)


Message History

The manticore bites you but does no damage.
You block the manticore's attack.
The manticore claws you but does no damage.
You block the centaur warrior zombie's attack.
The porcupine bites you but does no damage.
You sock the manticore!
The manticore is severely wounded.
You block the centaur warrior zombie's attack.
The manticore bites you but does no damage.
The manticore claws you but does no damage.
You block the manticore's attack. The porcupine bites you.
* * * LOW HITPOINT WARNING * * *
Okay, then.
You sock the manticore!
You kill the manticore!
Okawaru is honoured by your kill.
You block the centaur warrior zombie's attack.
You block the porcupine's attack.
You are struck by the porcupine's spines.
You die...

.....,,,.......#...##............
.....,,,.........................
...>.,,,.........................
.....,,,....................<....
...t.,,..........................
.....,,,.........................
.....,,,.........................
.....,,,.......r†Z..............#
o....,,,........@(..............#
.....,,,........................#
.....,,,...###.....####.........#
#####**,...,*#.....# #...##....#
,,****,,,,,,,.....## ######...##
,,,,**,,*,,,.....## #...#
,,,,**,,**,......#* *...#
,,,,,*,***...>....* *,..#
*,,,,,,* ***,,,,,,* *****


You could see a porcupine and a centaur warrior zombie.

Vanquished Creatures
  A hydra (D:8)
  A two-headed ogre (D:10)
  The ghost of Nattefrost the Cleaver, a novice HOFi (D:8)
  Pikel (D:6)
  A manticore (D:11)
  Psyche (D:8)
  A gargoyle (D:9)
  A troll (D:9)
  2 polar bears (D:9)
  A hippogriff (D:11)
  2 dream sheep (D:8)
  The ghost of rabbitfr the Digger, an amateur GrEE (D:3)
  A shadow (D:10)
  A wyvern (D:11)
  2 yaks (D:8)
  A steam dragon (D:10)
  Menkaure (D:6)
  A porcupine (D:10)
  2 orc warriors (D:10)
  4 ice beasts
  2 slaves
  A swamp drake (D:10)
  2 black bears (D:10)
  A sky beast (D:10)
  4 ogres
  4 wolves
  3 crocodiles
  3 big kobolds (D:8)
  4 bullfrogs
  A gnoll sergeant (D:10)
  A wyvern skeleton (D:7)
  3 scorpions
  11 wights (D:10)
  An electric eel (D:9)
  A crimson imp (D:5)
  A bullfrog zombie (D:9)
  5 quasits
  2 hounds
  Crazy Yiuf (D:6)
  A bullfrog skeleton (D:4)
  A jelly (D:6)
  6 orc priests
  A centaur skeleton (D:4)
  Jessica (D:2)
  4 iguanas
  7 orc wizards
  8 worker ants
  A hound skeleton (D:6)
  3 gnolls (D:10)
  13 adders
  A hound simulacrum (D:9)
  2 shadow imps
  3 white imps (D:9)
  5 ufetubi (D:9)
  2 oozes
  An adder skeleton (D:4)
  A worm (D:3)
  7 dart slugs
  An adder simulacrum (D:9)
  8 leopard geckos
  37 orcs
  6 giant cockroaches
  7 hobgoblins
  13 jackals
  9 kobolds
  3 quokkas
  A ball python (D:3)
  7 bats
  A frilled lizard (D:5)
  A leopard gecko skeleton (D:4)
  A leopard gecko zombie (D:6)
  A quokka simulacrum (D:9)
  9 rats
251 creatures vanquished.

Vanquished Creatures (others)
  A slave (D:6)
  A crimson imp (D:6)
  A worker ant (D:6)
  An orc (D:10)
  A giant cockroach (D:6)
  A fungus (D:11)
6 creatures vanquished.

Grand Total: 257 creatures vanquished

Notes
Turn   | Place    | Note
-------+----------+-------------------------------------------
     0 | D:1      | sithsevirus the Gargoyle Fighter began the quest for the Orb.
     0 | D:1      | Reached XP level 1. HP: 14/14 MP: 1/1
   289 | D:1      | Reached XP level 2. HP: 19/19 MP: 2/2
   661 | D:1      | Reached XP level 3. HP: 20/23 MP: 3/3
  1367 | D:2      | Reached skill level 3 in Maces & Flails
  1486 | D:2      | Noticed Jessica
  1489 | D:2      | Killed Jessica
  1489 | D:2      | Reached XP level 4. HP: 29/29 MP: 4/4
  1516 | D:2      | Found a shimmering altar of Xom.
  1517 | D:2      | Found a shimmering altar of Xom.
  1518 | D:2      | Found a shimmering altar of Xom.
  1519 | D:2      | Found a shimmering altar of Xom.
  1905 | D:3      | Noticed rabbitfr's ghost (amateur GrEE)
  1919 | D:3      | Killed rabbitfr's ghost
  1919 | D:3      | Reached skill level 4 in Maces & Flails
  1919 | D:3      | Reached XP level 5. HP: 8/34 MP: 5/5
  1919 | D:3      | Reached XP level 6. HP: 10/39 MP: 6/6
  2560 | D:3      | You fall through a shaft for 3 floors!
  2624 | D:6      | Noticed a slave
  2625 | D:6      | Noticed a slave
  2661 | D:6      | Killed a slave
  2733 | D:6      | Noticed Pikel
  2769 | D:6      | Noticed a slave
  2770 | D:6      | Noticed a slave
  2783 | D:5      | Entered Level 5 of the Dungeon
  3208 | D:3      | Reached XP level 7. HP: 39/44 MP: 7/7
  3693 | D:4      | Reached skill level 5 in Maces & Flails
  3746 | D:4      | Reached skill level 5 in Fighting
  3756 | D:4      | Reached skill level 5 in Armour
  3756 | D:4      | Reached skill level 5 in Shields
  4535 | D:4      | You fall through a shaft for 2 floors!
  4716 | D:4      | Found Sivvic's Book Shop.
  5375 | D:6      | Reached XP level 8. HP: 38/50 MP: 8/8
  5487 | D:6      | Killed Pikel
  5487 | D:6      | Reached skill level 6 in Maces & Flails
  5998 | D:6      | Noticed Menkaure
  6004 | D:6      | Killed Menkaure
  6082 | D:6      | Found a runed door.
  6086 | D:6      | Noticed Crazy Yiuf
  6100 | D:6      | Killed Crazy Yiuf
  6100 | D:6      | Reached skill level 7 in Maces & Flails
  6343 | D:7      | Found a staircase to the Ecumenical Temple.
  6350 | Temple   | Entered the Ecumenical Temple
  6376 | Temple   | Became a worshipper of Warmaster Okawaru
  6463 | D:7      | Reached XP level 9. HP: 52/56 MP: 9/9
  7620 | D:8      | Noticed Psyche
  7628 | D:8      | Killed Psyche
  7628 | D:8      | Reached * piety under Okawaru
  7628 | D:8      | Reached skill level 8 in Maces & Flails
  7722 | D:8      | Noticed Nattefrost's ghost (novice HOFi)
  7745 | D:8      | Killed Nattefrost's ghost
  7926 | D:8      | Reached ** piety under Okawaru
  7934 | D:8      | Noticed a three-headed hydra
  7981 | D:8      | Killed a three-headed hydra
  7981 | D:8      | Reached skill level 9 in Maces & Flails
  7981 | D:8      | Reached XP level 10. HP: 13/64 MP: 10/10
  7985 | D:8      | Gained mutation: You occasionally shout uncontrollably at your foes. [potion of mutation]
  7985 | D:8      | Gained mutation: Your large and strong wings let you fly indefinitely. [potion of mutation]
  7985 | D:8      | Gained mutation: Your muscles are strong. (Str +2) [potion of mutation]
  8178 | D:8      | Noticed a two-headed ogre
  8600 | D:9      | Reached *** piety under Okawaru
  8936 | D:9      | Reached skill level 10 in Maces & Flails
  9027 | D:9      | Found Heseuq's Gadget Boutique.
  9394 | D:10     | Entered Level 10 of the Dungeon
  9429 | D:10     | Noticed a gargoyle
  9456 | D:9      | Killed a gargoyle
  9664 | D:10     | Reached **** piety under Okawaru
  9666 | D:10     | Reached XP level 11. HP: 23/69 MP: 11/11
  9830 | D:10     | Noticed a two-headed ogre
  9848 | D:10     | Killed a two-headed ogre
 10163 | D:10     | Found a staircase to the Orcish Mines.
 10171 | D:10     | Reached skill level 11 in Maces & Flails
 10725 | D:11     | Noticed a manticore
 10737 | D:10     | Reached ***** piety under Okawaru
 11077 | D:11     | Killed a manticore
 11078 | D:11     | Impaled on a porcupine's spines

Vault maps used:
D:1:      minmay_arrival_shoal_huts
D:2:      xom_redecorated, kennysheep_jessica_study
D:4:      serial_shops, kennysheep_little_box
D:5:      first_ration, small_statue_intersection
D:6:      kennysheep_nondescript, uniq_pikel, uniq_menkaure,
          uniq_crazy_yiuf_cottage
D:7:      cheibrodos_quashed, minmay_temple_entry_metal_lava
D:8:      hangedman_ranch, nicolae_wwwww, uniq_psyche
D:9:      serial_shops, nicolae_shop_crystal, serial_ice, serial_ice_l,
          serial_ice_n, serial_ice_b, serial_ice_c, serial_ice_h, serial_ice_g,
          serial_ice_a, serial_ice_d
D:10:     erik_orc_1
D:11:     minmay_opposing_rooms, minmay_lair_entry_grove, moated_statue
Temple:   grunt_wide_crystal_templ

Skill      XL: |  1  2  3  4  5  6  7  8  9 10 11 |
---------------+----------------------------------+-----
Maces & Flails | 3 4 5 7 9 10 11 | 11.4
Fighting       | 4 5 6 7 8 9 |  9.4
Armour         | 4 5 6 7 8 9 |  9.4
Shields        | 4 5 6 7 8 9 |  9.4

Action                   |  1- 3 |  4- 6 |  7- 9 | 10-12 || total
-------------------------+-------+-------+-------+-------++-------
Melee: Flail             |   130 |   130 |       |   149 ||   409
       Morningstar       |       |    41 |   435 |   315 ||   791
Throw: Tomahawk          |       |       |     4 |       ||     4
Evoke: Wand              |       |       |     3 |       ||     3
  Use: Potion            |       |     1 |     3 |     6 ||    10
       Scroll            |       |       |     3 |     9 ||    12
 Stab: Confused          |       |       |       |     1 ||     1
  Eat: Chunk             |     2 |     6 |     7 |     6 ||    21
       Ration            |       |       |     3 |     1 ||     4
Armor: Scale mail        |    90 |    23 |       |       ||   113
       Chain mail        |       |    97 |    44 |       ||   141
       Plate armour      |       |       |   397 |   125 ||   522
       Troll leather arm |       |       |       |   176 ||   176
       Skin              |       |       |       |     5 ||     5
Dodge: Dodged            |    51 |    54 |   123 |   197 ||   425
Block: Shield            |    89 |   124 |   315 |   363 ||   891

Table legend:
 A = Spawn XP
 B = Non-spawn XP
 C = Spawn XP percentage of total XP
 D = Spawn monster count
 E = Non-spawn monster count
 F = Spawn count percentage of total count
 G = Total turns spent on level
                    A         B        C        D         E        F      G
               +---------+---------+-------+---------+---------+-------+---------
         Total |       0 |   14255 |   0.0 |       0 |     249 |   0.0 | 11078
               +---------+---------+-------+---------+---------+-------+---------
           D:1 |       0 |      38 |   0.0 |       0 |      16 |   0.0 |  1032
           D:2 |       0 |      87 |   0.0 |       0 |      14 |   0.0 |   867
           D:3 |       0 |     387 |   0.0 |       0 |      34 |   0.0 |  1262
           D:4 |       0 |     431 |   0.0 |       0 |      22 |   0.0 |  1140
           D:5 |       0 |     148 |   0.0 |       0 |       9 |   0.0 |   789
           D:6 |       0 |    1020 |   0.0 |       0 |      16 |   0.0 |  1209
           D:7 |       0 |     811 |   0.0 |       0 |      23 |   0.0 |  1061
           D:8 |       0 |    3547 |   0.0 |       0 |      13 |   0.0 |  1091
           D:9 |       0 |    2175 |   0.0 |       0 |      33 |   0.0 |   954
          D:10 |       0 |    4513 |   0.0 |       0 |      65 |   0.0 |  1484
          D:11 |       0 |    1098 |   0.0 |       0 |       4 |   0.0 |   101
               +---------+---------+-------+---------+---------+-------+---------
